 Dungeon Crawl Stone Soup version 0.21-a0-633-g4c047d5 (webtiles) character file.

270 Alarkh the Slasher (level 6, 44/44 HPs)
             Began as a Demonspawn Skald on Dec 28, 2017.
             Got out of the dungeon alive.
             The game lasted 00:06:20 (4326 turns).

Alarkh the Slasher (Demonspawn Skald)               Turns: 4326, Time: 00:06:21

Health: 44/44      AC: 13    Str: 14    XL:     6   Next: 1%
Magic:  9/9        EV: 10    Int: 19    God:
Gold:   229        SH:  0    Dex: 12    Spells: 3/9 levels left

rFire    + + .     SeeInvis .   a - +0 falchion
rCold    + . .     Gourm    .   (no shield)
rNeg     . . .     Faith    .   t - +7 ring mail "Gejeytai" {rF+ rC+ Str+3}
rPois    .         Spirit   .   (no helmet)
rElec    .         Reflect  .   (no cloak)
rCorr    .         Harm     .   (no gloves)
MR       .....                  i - +0 pair of boots
Stlth    +.........             r - amulet of regeneration
HPRegen  0.54/turn              n - +2 ring of intelligence
MPRegen  0.11/turn              (no ring)

@: no status effects
A: hooves 2, fire resistance 1, spiny 1
a: no special abilities


You escaped.
You were very full.

You visited 1 branch of the dungeon, and saw 4 of its levels.

You collected 229 gold pieces.

Inventory:

Hand Weapons
 a - a +0 falchion (weapon)
Armour
 b - a +0 leather armour
 i - a +0 pair of boots (worn)
 t - the +7 ring mail "Gejeytai" (worn) {rF+ rC+ Str+3}
   (You found it on level 4 of the Dungeon)

   It affects your strength (+3).
   It protects you from fire.
   It protects you from cold.
Jewellery
 k - an uncursed amulet of the gourmand
 n - a +2 ring of intelligence (left hand)
 r - an amulet of regeneration (around neck)
Wands
 g - a wand of random effects (17)
Scrolls
 e - a scroll of identify
 f - 2 scrolls of immolation
 h - a scroll of enchant weapon {unknown}
 j - a scroll of amnesia {unknown}
 l - a scroll of noise
 s - a scroll of teleportation {unknown}
Potions
 m - a potion of heal wounds
 o - 3 potions of curing
Books
 c - a book of Battle

   Spells                             Type                      Level
   a - Infusion                       Charms                       1
   b - Shroud of Golubria             Charms/Translocation         2
   c - Song of Slaying                Charms                       2
   d - Spectral Weapon                Hexes/Charms                 3
   e - Regeneration                   Charms/Necromancy            3
 p - a book of Misfortune

   Spells                             Type                      Level
   a - Confusing Touch                Hexes                        1
   b - Confuse                        Hexes                        3
   c - Gell's Gravitas                Translocation                3
   d - Petrify                        Transmutation/Earth          4
   e - Metabolic Englaciation         Hexes/Ice                    5
   f - Yara's Violent Unravelling     Hexes/Transmutation          5
Comestibles
 d - 5 rations


   Skills:
 - Level 2.0(1.0) Fighting
 * Level 5.5(2.7) Long Blades
 - Level 0.8(0.4) Armour
 - Level 1.7(0.8) Dodging
 + Level 2.3(1.1) Spellcasting
 + Level 3.0(1.5) Charms


You had 3 spell levels left.
You knew the following spells:

 Your Spells              Type           Power        Failure   Level  Hunger
a - Infusion              Chrm           #...         21%         1    ##.....
b - Song of Slaying       Chrm           #.......     30%         2    ###....
c - Regeneration          Chrm/Necr      #.........   63%         3    ####...


Dungeon Overview and Level Annotations

Branches:
Dungeon (4/15)
 Temple: D:4-7

Altars:
Ashenzari
Xom


Innate Abilities, Weirdness & Mutations

You have hoof-like feet.
Your flesh is heat resistant. (rF+)
You are partially covered in sharp spines.


Message History

d - 5 rations (gained 1)
You now have 229 gold pieces (gained 18).
Key pressed, stopping explore.
Found a stone staircase leading down.
There is a stone staircase leading up here.
(D) Dungeon
Where to? (Enter - D:4 @ (x,y), ? - help)
What level of the Dungeon? (default 1, ? - help)
You climb upwards.
There is a stone staircase leading down here.
There is a stone staircase leading up here.
You climb upwards.
There is a stone staircase leading down here.
There is a stone staircase leading up here.
You climb upwards.
There is a stone staircase leading down here.
There is a stone staircase leading down here.
There is a staircase leading out of the dungeon here.
Are you sure you want to leave the Dungeon?
This will make you lose the game!
You have escaped!

...#.#.#.#...#.#.#.#..#.# #.....
.......#.#####.#.#.#.##.# #.....
####.###.......#.#.#....####.....
...#...#######.#.#.######(.......
..>.......................#(.....
.#.....#.##############.#.#.)..#.
.#.###.#...#..........#.#.#....#.
.#.###.#.#)#.########.#.#.#....#.
....##.#.#.#....@...#.#.#.#....#.
##.###.#.#[########.#.#.#.######.
##.###.#.#..........#...#.# #.
##...#.##################.# #.
###........(.............# #.
#.........#.######.####..# #.
#.......###.######.# ##.## #.
##.....(............# #..# #.
..###.##.###.......#######.#####.


There were no monsters in sight!

Vanquished Creatures
  An ogre (D:4)
  An orc wizard (D:3)
  A gnoll (D:1)
  4 adders
  An ooze (D:1)
  A worm (D:2)
  A dart slug (D:2)
  4 leopard geckos
  7 orcs (D:3)
  3 bats
  A giant cockroach (D:4)
  5 goblins
  7 hobgoblins
  11 jackals
  8 kobolds
  A quokka (D:3)
  A ball python (D:2)
  7 frilled lizards
  8 rats
  A butterfly (D:2)
74 creatures vanquished.

Vanquished Creatures (others)
  An orc wizard (D:3)
1 creature vanquished.

Grand Total: 75 creatures vanquished

Notes
Turn   | Place    | Note
-------+----------+-------------------------------------------
     0 | D:1      | Alarkh the Demonspawn Skald began the quest for the Orb.
     0 | D:1      | Reached XP level 1. HP: 16/16 MP: 3/3
    48 | D:1      | Reached skill level 2 in Long Blades
    48 | D:1      | Gained mutation: You have large cloven feet. [demonic ancestry]
    48 | D:1      | Reached XP level 2. HP: 7/22 MP: 0/5
    60 | D:1      | Reached skill level 3 in Long Blades
   635 | D:1      | Gained mutation: Your flesh is heat resistant. (rF+) [demonic ancestry]
   635 | D:1      | Reached XP level 3. HP: 27/27 MP: 6/6
  1034 | D:2      | Found a shimmering altar of Xom.
  1536 | D:2      | You fall through a shaft!
  1895 | D:3      | Reached XP level 4. HP: 19/33 MP: 2/7
  1896 | D:3      | Reached skill level 4 in Long Blades
  2497 | D:2      | Gained mutation: You have hoof-like feet. [demonic ancestry]
  2497 | D:2      | Reached XP level 5. HP: 36/38 MP: 4/8
  3436 | D:3      | Found a faded altar of an unknown god.
  3449 | D:3      | Reached skill level 5 in Long Blades
  3815 | D:3      | Became a worshipper of Ashenzari the Shackled
  3815 | D:3      | Reached * piety under Ashenzari
  3816 | D:3      | Fell from the grace of Ashenzari
  3993 | D:4      | Noticed an ogre
  4042 | D:4      | Got an ichor-stained ring mail
  4055 | D:4      | Identified the +7 ring mail "Gejeytai" {rF+ rC+ Str+3} (You found it on level 4 of the Dungeon)
  4060 | D:3      | Learned a level 2 spell: Song of Slaying
  4064 | D:3      | Learned a level 3 spell: Regeneration
  4110 | D:4      | Killed an ogre
  4110 | D:4      | Gained mutation: You are partially covered in sharp spines. [demonic ancestry]
  4110 | D:4      | Reached XP level 6. HP: 36/44 MP: 0/9
  4326 | D:$      | Got out of the dungeon alive.

Vault maps used:
D:1:      matt_arrival_spirals
D:2:      xom_butterflies, corexii_corridor_pit
D:3:      chequers_ecumenical_altar_twisty
D:4:      uniq_eustachio

Skill      XL: |  1  2  3  4  5 |
---------------+----------------+-----
Long Blades    | 2 3 4 5 |  5.5
Charms         | 3 |  3.0
Fighting       | |  2.0
Armour         | |  0.8
Dodging        | |  1.7
Spellcasting   | |  2.3

Action                   |  1- 3 |  4- 6 || total
-------------------------+-------+-------++-------
Melee: Falchion          |   107 |   141 ||   248
       Kick              |     5 |       ||     5
 Cast: Infusion          |    18 |    16 ||    34
Invok: Renounce Religion |       |     1 ||     1
  Use: Potion            |     1 |     5 ||     6
       Scroll            |     1 |     2 ||     3
  Eat: Chunk             |     3 |    20 ||    23
Armor: Leather armour    |    24 |    42 ||    66
       Skin              |       |    20 ||    20
Dodge: Dodged            |    57 |    89 ||   146
       Rpst.: Falchion   |    12 |    32 ||    44

Table legend:
 A = Spawn XP
 B = Non-spawn XP
 C = Spawn XP percentage of total XP
 D = Spawn monster count
 E = Non-spawn monster count
 F = Spawn count percentage of total count
 G = Total turns spent on level
                    A         B        C        D         E        F      G
               +---------+---------+-------+---------+---------+-------+---------
         Total |       0 |     386 |   0.0 |       0 |      74 |   0.0 |  4326
               +---------+---------+-------+---------+---------+-------+---------
           D:1 |       0 |      52 |   0.0 |       0 |      22 |   0.0 |  1091
           D:2 |       0 |      36 |   0.0 |       0 |      12 |   0.0 |   968
           D:3 |       0 |     156 |   0.0 |       0 |      34 |   0.0 |  1947
           D:4 |       0 |     142 |   0.0 |       0 |       6 |   0.0 |   320
               +---------+---------+-------+---------+---------+-------+---------
